 Dungeon Crawl Stone Soup version 0.26-a0-958-gf3041fb45f (webtiles) character file.

Game seed: 5462990424353215211

436 Gargoyl the Skirmisher (level 7, -5/53 HPs)
             Began as a Gnoll Abyssal Knight on Nov 30, 2020.
             Was a Priest of Lugonu.
             Slain by an orc warrior
             ... wielding a +0 dire flail
              (12 damage)
             ... on level 6 of the Dungeon.
             The game lasted 00:06:08 (3002 turns).

Gargoyl the Skirmisher (Gnoll Abyssal Knight)       Turns: 3002, Time: 00:06:09

Health: -5/53      AC: 17    Str: 16    XL:     7   Next: 1%
Magic:  10/10      EV:  9    Int: 20    God:    Lugonu [***...]
Gold:   161        SH:  0    Dex: 19    Spells: 10/10 levels left

rFire    . . .     SeeInvis .   a - +3 hand axe
rCold    . . .     Faith    .   (no shield)
rNeg     . . .     Spirit   .   h - +1 chain mail
rPois    .         Reflect  .   (no helmet)
rElec    .         Harm     .   d - +0 cloak "Sisy" {rCorr Int+5 Dex+2}
rCorr    +         Rampage  .   c - +2 pair of gloves {Dex+3}
MR       .....                  e - +1 pair of boots
Stlth    ..........             (no amulet)
HPRegen  0.17/turn              j - ring of resist corrosion
MPRegen  0.12/turn              (no ring)

@: no status effects
A: distributed training, fangs 1, [frail 1], strong nose
a: Depart the Abyss, Bend Space, Banish, Renounce Religion


You were on level 6 of the Dungeon.
You worshipped Lugonu.
Lugonu was most pleased with you.
You visited 1 branch of the dungeon, and saw 6 of its levels.
You visited the Abyss 1 time.

You collected 161 gold pieces.

Inventory:

Hand Weapons
 a - a +3 hand axe (weapon)
Armour
 c - a +2 pair of gloves of dexterity (worn)
 d - the +0 cloak "Sisy" (worn) {rCorr Int+5 Dex+2}
   (You found it on level 3 of the Abyss)

   It affects your intelligence (+5).
   It affects your dexterity (+2).
   It provides partial protection from all sources of acid and corrosion.
 e - a +1 pair of boots (worn)
 h - a +1 chain mail (worn)
Jewellery
 j - a ring of resist corrosion (left hand)
Scrolls
 g - 6 scrolls of identify
 l - 2 scrolls of remove curse
Potions
 b - a potion of brilliance
 f - 2 potions of curing
 k - a potion of flight


   Skills:
 + Level 6.9 Fighting
 + Level 2.2 Short Blades
 + Level 2.2 Long Blades
 + Level 5.1 Axes
 + Level 2.2 Maces & Flails
 + Level 2.2 Polearms
 + Level 2.2 Staves
 + Level 2.2 Slings
 + Level 2.2 Bows
 + Level 2.2 Crossbows
 + Level 2.2 Throwing
 + Level 5.1 Armour
 + Level 3.4 Dodging
 + Level 2.2 Stealth
 + Level 2.2 Shields
 + Level 2.2 Unarmed Combat
 + Level 2.2 Spellcasting
 + Level 1.7 Conjurations
 + Level 1.7 Hexes
 + Level 1.7 Summonings
 + Level 1.7 Necromancy
 + Level 1.7 Translocations
 + Level 1.7 Transmutations
 + Level 1.7 Fire Magic
 + Level 1.7 Ice Magic
 + Level 1.7 Air Magic
 + Level 1.7 Earth Magic
 + Level 1.7 Poison Magic
 + Level 5.2 Invocations
 + Level 2.2 Evocations


You had 10 spell levels left.
You didn't know any spells.
Your spell library was empty.

Dungeon Overview and Level Annotations

Branches:
Dungeon (6/15)             Temple (0/1) D:5

Altars:
Cheibriados
Elyvilon
Kikubaaqudgha
Makhleb
Sif Muna
Wu Jian
Zin


Innate Abilities, Weirdness & Mutations

Your experience applies equally to all skills.
You have very sharp teeth.
Your uncanny sense of smell can sniff out nearby items.
[You are frail. (-10% HP)]


Message History

You hear some strange, mumbled words.
A puff of flame appears from out of thin air!
The puff of flame hits you.
The ice beast hits you but does no damage.
You hit the ice beast.
The ice beast is severely wounded.
You hit something. Something hits you but does no damage.
The ice beast hits you but does no damage.
Unknown command.
You hit the ice beast.
The ice beast is severely wounded.
You completely miss something.
You hit the orc warrior but do no damage.
Something hits you but does no damage.
The ice beast hits you but does no damage.
The orc priest mumbles some strange prayers to Beogh against you.
Beogh smites you!
* * * LOW HITPOINT WARNING * * *
The orc warrior hits you with a +0 dire flail!
You die...

ยง#####....##.......#?#
. ###.............
#..........#
##o........#
#...(.....# #....?....#
#.........# #....{o...#
#.....@...# #...).Y(..#
#.........# ##.......##
##.....## #######


You could see an orc warrior, an ice beast and an orc priest.

Vanquished Creatures
  An ice beast (D:6)
  2 vampire bats (D:2)
  3 orc wizards (D:3)
  3 gnolls (D:2)
  5 adders
  3 oozes (D:2)
  An adder skeleton (D:2)
  5 worms
  A dart slug (D:2)
  A leopard gecko (D:1)
  4 orcs
  3 bat skeletons (D:2)
  2 bat zombies (D:2)
  5 giant cockroaches
  4 goblins (D:2)
  5 hobgoblins
  7 jackals (D:1)
  A ball python (D:1)
  11 bats
  4 frilled lizards
  6 kobolds
  5 rats
82 creatures vanquished.

Notes
Turn   | Place    | Note
-------+----------+-------------------------------------------
     0 | Abyss:1  | Gargoyl the Gnoll Abyssal Knight began the quest for the
                  | Orb.
     0 | Abyss:1  | Reached XP level 1. HP: 23/23 MP: 3/3
    56 | Abyss:1  | Noticed a green death
    89 | Abyss:2  | Noticed a wretched star
    89 | Abyss:2  | Noticed a small abomination
   127 | Abyss:3  | Identified a scroll of acquirement
   127 | Abyss:3  | Acquired a +2 pair of gloves of dexterity
   131 | Abyss:3  | Noticed a large abomination
   150 | Abyss:3  | Noticed a polar bear
   154 | Abyss:3  | Noticed a small abomination
   157 | Abyss:3  | Got a fading cloak
   158 | D:1      | Escaped the Abyss
   164 | D:1      | Identified the cursed +0 cloak "Sisy" {rCorr Int+5 Dex+2}
                  | (You found it on level 3 of the Abyss)
   258 | D:1      | Reached * piety under Lugonu
   270 | D:1      | Reached XP level 2. HP: 23/23 MP: 4/4
   624 | D:1      | Reached XP level 3. HP: 28/28 MP: 5/5
   870 | D:2      | Reached skill level 1 in Short Blades
   870 | D:2      | Reached skill level 1 in Long Blades
   870 | D:2      | Reached skill level 1 in Maces & Flails
   870 | D:2      | Reached skill level 1 in Polearms
   870 | D:2      | Reached skill level 1 in Staves
   870 | D:2      | Reached skill level 1 in Slings
   870 | D:2      | Reached skill level 1 in Bows
   870 | D:2      | Reached skill level 1 in Crossbows
   870 | D:2      | Reached skill level 1 in Throwing
   870 | D:2      | Reached skill level 1 in Stealth
   870 | D:2      | Reached skill level 1 in Shields
   870 | D:2      | Reached skill level 1 in Unarmed Combat
   870 | D:2      | Reached skill level 1 in Spellcasting
   870 | D:2      | Reached skill level 1 in Evocations
   870 | D:2      | Reached XP level 4. HP: 24/32 MP: 5/5
  1139 | D:2      | Found a shimmering blue altar of Sif Muna.
  1206 | D:2      | Reached ** piety under Lugonu
  1216 | D:2      | Found an ancient bone altar of Kikubaaqudgha.
  1234 | D:2      | Reached skill level 1 in Conjurations
  1234 | D:2      | Reached skill level 1 in Hexes
  1234 | D:2      | Reached skill level 1 in Summonings
  1234 | D:2      | Reached skill level 1 in Necromancy
  1234 | D:2      | Reached skill level 1 in Translocations
  1234 | D:2      | Reached skill level 1 in Transmutations
  1234 | D:2      | Reached skill level 1 in Fire Magic
  1234 | D:2      | Reached skill level 1 in Ice Magic
  1234 | D:2      | Reached skill level 1 in Air Magic
  1234 | D:2      | Reached skill level 1 in Earth Magic
  1234 | D:2      | Reached skill level 1 in Poison Magic
  1234 | D:2      | Reached XP level 5. HP: 33/37 MP: 7/7
  1905 | D:3      | Reached skill level 5 in Invocations
  1930 | D:3      | Found a glowing silver altar of Zin.
  2016 | D:3      | Reached XP level 6. HP: 39/42 MP: 8/8
  2173 | D:3      | Found a white marble altar of Elyvilon.
  2176 | D:3      | Found an ornate altar of the Wu Jian Council.
  2186 | D:3      | Found a burning altar of Makhleb.
  2200 | D:3      | Found a snail-covered altar of Cheibriados.
  2362 | D:3      | Reached skill level 5 in Axes
  2362 | D:3      | Reached skill level 5 in Armour
  2556 | D:3      | You fall into a shaft and drop 2 floors!
  2556 | D:5      | Entered Level 5 of the Dungeon
  2680 | D:5      | Found a staircase to the Ecumenical Temple.
  2833 | D:4      | You fall into a shaft and drop 2 floors!
  2834 | D:6      | Noticed an ice beast
  2858 | D:6      | Killed an ice beast
  2859 | D:6      | Reached XP level 7. HP: 35/53 MP: 8/10
  2977 | D:6      | Reached *** piety under Lugonu
  3002 | D:6      | Slain by an orc warrior

Illustrated notes

Levels and vault maps discovered:
D:1:      minmay_arrival_four_loops, layout_basic
D:2:      layout_loops_ring, lemuel_doored_altar, kennysheep_vampire_church,
          kennysheep_pointless_box
D:3:      layout_basic, grunt_temple_overflow_cloverleaf, lemuel_round_altar
D:4:      layout_rooms, nemelex_xobeh_ov_fountains_minmay
D:5:      layout_loops_cross, tso_oasis_becter, xom_redecorated,
          minmay_temple_entry_sparse_star, nicolae_ossuary_entry_ruins
D:6:      layout_rooms, old_standard_altar, nicolae_ru_great_annihilating_truth

Skill      XL: |  1  2  3  4  5  6 |
---------------+-------------------+-----
Short Blades   | 1 2 |  2.2
Long Blades    | 1 2 |  2.2
Maces & Flails | 1 2 |  2.2
Polearms       | 1 2 |  2.2
Staves         | 1 2 |  2.2
Slings         | 1 2 |  2.2
Bows           | 1 2 |  2.2
Crossbows      | 1 2 |  2.2
Throwing       | 1 2 |  2.2
Stealth        | 1 2 |  2.2
Shields        | 1 2 |  2.2
Unarmed Combat | 1 2 |  2.2
Spellcasting   | 1 2 |  2.2
Evocations     | 1 2 |  2.2
Conjurations   | 1 |  1.7
Hexes          | 1 |  1.7
Summonings     | 1 |  1.7
Necromancy     | 1 |  1.7
Translocations | 1 |  1.7
Transmutations | 1 |  1.7
Fire Magic     | 1 |  1.7
Ice Magic      | 1 |  1.7
Air Magic      | 1 |  1.7
Earth Magic    | 1 |  1.7
Poison Magic   | 1 |  1.7
Dodging        | 3 |  3.4
Invocations    | 5 |  5.2
Axes           | 5 |  5.1
Armour         | 5 |  5.1
Fighting       | |  6.9

Action                   |  1- 3 |  4- 6 |  7- 9 || total
-------------------------+-------+-------+-------++-------
Melee: Hand axe          |    69 |   201 |    18 ||   288
       Bite              |     4 |    31 |     2 ||    37
       Punch             |       |     4 |       ||     4
Invok: Depart the Abyss  |     1 |       |       ||     1
       Bend Space        |       |     1 |     1 ||     2
  Use: Scroll            |     3 |    10 |     1 ||    14
       Potion            |     1 |     1 |       ||     2
Armor: Leather armour    |    10 |       |       ||    10
       Chain mail        |    80 |   172 |    14 ||   266
Dodge: Dodged            |    60 |    94 |     7 ||   161

Table legend: (Time is in decaauts)
 A = Elapsed time spent in this place.
 B = Non-inter-level travel time spent in this place.
 C = Inter-level travel time spent in this place.
 D = Time resting spent in this place.
 E = Time spent auto-exploring this place.
 F = Levels seen in this place.
 G = Mean time per level.
                   A        B        C        D        E       F      G
               +--------+--------+--------+--------+--------+-----+--------+
         Total |   3017 |   2979 |     38 |     47 |   2071 |   9 |  335.2 |
       Dungeon |   2859 |   2821 |     38 |     47 |   1985 |   6 |  476.5 |
         Abyss |    157 |    157 |      0 |      0 |     86 |   3 |   52.3 |
               +--------+--------+--------+--------+--------+-----+--------+

Top non-repeatable levels by time:
     D:2: 985 daAuts
     D:3: 756 daAuts
     D:1: 670 daAuts
     D:6: 170 daAuts
     D:4: 141 daAuts
     D:5: 135 daAuts
 Abyss:1: 61 daAuts
 Abyss:3: 57 daAuts
 Abyss:2: 38 daAuts
